[Event "42nd Olympiad Baku 2016 Open"]
[Site "Baku"]
[Date "2016.09.03"]
[Round "2.28"]
[White "Halkias, Stelios"]
[Black "Jurcik, Marian"]
[Result "1/2-1/2"]
[ECO "A28"]
[WhiteElo "2565"]
[BlackElo "2484"]
[Annotator ""]
[PlyCount "94"]
[EventDate "2016.??.??"]
[EventCountry "AZE"]
[SourceTitle "playchess.com"]
[Source "ChessBase"]
[WhiteTeam "Greece"]
[BlackTeam "Slovakia"]
[WhiteTeamCountry "GRE"]
[BlackTeamCountry "SVK"]
[TimeControl "40/5400+30:1800+30"]

1. c4 {(00:00)} e5 {(00:00)} 2. Nc3 {(00:15)} Nf6 {
(00:36)} 3. Nf3 {(00:20)} Nc6 {(00:20)} 4. a3 {(01:
41)} d5 {(05:38)} 5. cxd5 {(00:52)} Nxd5 {(00:05)} 6. Qc2
{(00:55)} Be7 {(10:35)} 7. e3 {(03:43)} Nxc3 {(01:
51)} 8. bxc3 {(01:12)} O-O {(02:49)} 9. d4 {(07:55)} Qd6 {
(13:09)} 10. Be2 {(09:22)} exd4 {(28:42)} 11. cxd4 {
(03:03)} Qg6 {(01:42)} 12. Qxg6 {(03:24)} hxg6 {(
00:01)} 13. Bd2 {(03:48)} Bf5 {(03:52)} 14. O-O {(02:58)}
Bd6 {(01:10)} 15. Rfc1 {(05:49)} Ne7 {(06:38)} 16. Be1 {
(09:55)} c6 {(04:55)} 17. Nd2 {(05:28)} g5 {(02:03]
} 18. Nc4 {(13:49)} Bc7 {(00:02)} 19. Bb4 {(02:26)} Rfe8 {
(00:02)} 20. Bd6 {(03:36)} Rac8 {(02:39)} 21. h3 {(
03:41)} Be6 {(05:44)} 22. Bxc7 {(07:01)} Rxc7 {(00:02)}
23. Nd6 {(01:01)} Rd8 {(00:52)} 24. Ne4 {(00:29)} f6 {
(00:39)} 25. Nc5 {(02:02)} Bf7 {(00:23)} 26. Bc4 {(
03:28)} b6 {(01:37)} 27. Ne6 {(01:16)} Bxe6 {(00:02)} 28.
Bxe6+ {(00:06)} Kf8 {(00:27)} 29. Rc2 {(01:40)} Rd6 {
(00:18)} 30. Bb3 {(00:32)} Ke8 {(01:22)} 31. g3 {(
01:22)} Kd7 {(01:07)} 32. Rac1 {(00:16)} Kc8 {(01:21)} 33.
Bc4 {(00:55)} Kb7 {(00:22)} 34. Kg2 {(00:25)} Rc8 {
(01:18)} 35. Be2 {(01:10)} Rd5 {(02:56)} 36. Bf3 {(
00:49)} Ra5 {(00:14)} 37. Rc3 {(00:28)} Nd5 {(01:23)} 38.
Rc4 {(00:46)} Ne7 {(00:43)} 39. R4c3 {(00:49)} Nd5 {
(00:05)} 40. Rc4 {(00:00)} Ne7 {(00:00)} 41. R1c3 {
(09:30)} Nd5 {(01:13)} 42. Rb3 {(07:50)} Rd8 {(01:
53)} 43. a4 {(02:36)} Rd6 {(05:03)} 44. Rb1 {(00:38)} Ne7
{(04:30)} 45. Rcb4 {(03:15)} Nd5 {(00:47)} 46. Rc4 {
(00:14)} Ne7 {(00:03)} 47. Rcb4 {(00:31)} Nd5 {(06:
32)} 1/2-1/2

[Event "42nd Olympiad Baku 2016 Open"]
[Site "Baku"]
[Date "2016.09.03"]
[Round "2.3"]
[White "Hamitevici, Vladimir"]
[Black "Mwali, Chitumbo"]
[Result "1-0"]
[ECO "E06"]
[WhiteElo "2489"]
[BlackElo "2344"]
[Annotator ""]
[PlyCount "89"]
[EventDate "2016.??.??"]
[EventCountry "AZE"]
[SourceTitle "playchess.com"]
[Source "ChessBase"]
[WhiteTeam "Moldova"]
[BlackTeam "Zambia"]
[WhiteTeamCountry "MDA"]
[BlackTeamCountry "ZAM"]
[TimeControl "40/5400+30:1800+30"]

1. d4 {(00:00)} Nf6 {(00:00)} 2. c4 {(00:01)} e6 {(
00:00)} 3. g3 {(00:36)} d5 {(00:47)} 4. Nf3 {(00:28)} Be7
{(00:16)} 5. Bg2 {(00:06)} O-O {(00:07)} 6. O-O {(
00:23)} dxc4 {(01:17)} 7. Qc2 {(00:47)} a6 {(01:14)} 8. a4
{(00:57)} Bd7 {(14:11)} 9. Qxc4 {(00:38)} Bc6 {(12:
20)} 10. Bg5 {(01:04)} b5 {(03:58)} 11. Qc2 {(16:58)} Be4
{(00:39)} 12. Qc1 {(00:09)} Nbd7 {(04:41)} 13. Nc3 {
(15:12)} Bc6 {(01:35)} 14. Bf4 {(07:07)} Rc8 {(06:
08)} 15. axb5 {(02:18)} axb5 {(01:01)} 16. Ra7 {(04:07)}
Bd6 {(17:17)} 17. Ne5 {(05:44)} Bxg2 {(02:40)} 18. Kxg2 {
(00:08)} b4 {(03:13)} 19. Nc6 {(01:29)} Qe8 {(00:
01)} 20. Bxd6 {(02:11)} cxd6 {(00:05)} 21. Nxb4 {(00:19)}
Rc4 {(01:32)} 22. Nc2 {(00:55)} Nb6 {(01:10)} 23. Qd2 {
(10:46)} Qc6+ {(06:42)} 24. f3 {(00:27)} Nbd5 {(00:
54)} 25. Nxd5 {(00:29)} Nxd5 {(00:05)} 26. Ne3 {(05:41)}
Nxe3+ {(00:10)} 27. Qxe3 {(00:08)} Qb6 {(00:03)} 28. Rd7 {
(05:25)} e5 {(02:44)} 29. Rd1 {(04:32)} Rxd4 {(03:
36)} 30. Rxd4 {(00:42)} exd4 {(00:07)} 31. Qe7 {(02:43)}
g6 {(08:11)} 32. Rxd6 {(02:27)} Qxb2 {(00:20)} 33. Qe5 {
(01:31)} Qb8 {(02:46)} 34. Qxd4 {(00:40)} Re8 {(00:
06)} 35. e4 {(00:58)} Rc8 {(00:04)} 36. Rd7 {(02:31)} h5 {
(01:34)} 37. Qf6 {(01:43)} Rf8 {(00:49)} 38. e5 {(
02:11)} Qb5 {(01:52)} 39. Re7 {(00:40)} Qb2+ {(00:49)} 40.
Kh3 {(00:00)} Qd4 {(00:00)} 41. Rc7 {(06:07)} Qd5 {
(00:52)} 42. Kh4 {(01:18)} Re8 {(09:10)} 43. f4 {(
00:29)} Rf8 {(00:59)} 44. Re7 {(02:21)} Qd4 {(10:12)} 45.
Kg5 {(00:33)} 1-0

[Event "42nd Olympiad Baku 2016 Open"]
[Site "Baku"]
[Date "2016.09.03"]
[Round "2.11"]
[White "Hansen, Eric"]
[Black "Khusenkhojaev, Mustafokhuja"]
[Result "1-0"]
[ECO "C99"]
[WhiteElo "2582"]
[BlackElo "2212"]
[Annotator ""]
[PlyCount "100"]
[EventDate "2016.??.??"]
[EventCountry "AZE"]
[SourceTitle "playchess.com"]
[Source "ChessBase"]
[WhiteTeam "Canada"]
[BlackTeam "Tajikistan"]
[WhiteTeamCountry "CAN"]
[BlackTeamCountry "TJK"]
[TimeControl "40/5400+30:1800+30"]

1. e4 {(00:00)} e5 {(00:00)} 2. Nf3 {(00:00)} Nc6 {
(01:00)} 3. Bb5 {(00:29)} a6 {(01:03)} 4. Ba4 {(00:
21)} Nf6 {(01:41)} 5. O-O {(00:54)} Be7 {(02:09)} 6. Re1 {
(02:01)} b5 {(00:35)} 7. Bb3 {(00:06)} d6 {(01:09)}
8. c3 {(00:30)} O-O {(00:39)} 9. h3 {(05:20)} Na5 {
(03:00)} 10. Bc2 {(01:13)} c5 {(02:04)} 11. d4 {(
00:06)} cxd4 {(02:43)} 12. cxd4 {(00:05)} Qc7 {(01:26)}
13. Nbd2 {(01:55)} Bb7 {(03:59)} 14. d5 {(03:56)} Rac8 {
(01:05)} 15. Bd3 {(00:05)} Nd7 {(05:29)} 16. Nf1 {(
02:59)} f5 {(04:43)} 17. exf5 {(04:16)} Nc4 {(03:11)} 18.
b3 {(43:14)} Ncb6 {(02:14)} 19. Bg5 {(01:24)} Nc5 {
(07:49)} 20. Rc1 {(01:49)} Nxd5 {(18:42)} 21. Ne3 {
(03:17)} Nxe3 {(04:44)} 22. Bxe3 {(00:16)} Qa5 {(
06:44)} 23. Bc2 {(11:52)} Kh8 {(04:11)} 24. Ng5 {(01:24)}
Bxg5 {(03:31)} 25. Bxg5 {(00:08)} e4 {(09:16)} 26. Qxd6 {
(02:10)} Rxf5 {(01:51)} 27. Be3 {(00:46)} Rd5 {(01:
56)} 28. Qe7 {(01:06)} Rd7 {(01:10)} 29. Qe5 {(07:15)} Rd5
{(00:10)} 30. Qe7 {(03:46)} Rd7 {(00:06)} 31. Qg5 {
(00:23)} Rd5 {(00:09)} 32. Qg4 {(00:22)} Rdd8 {(00:
44)} 33. Red1 {(02:15)} Nd3 {(02:06)} 34. Bxd3 {(00:02)}
Rxc1 {(02:10)} 35. Rxc1 {(00:13)} exd3 {(01:38)} 36. Bd4 {
(00:26)} Rg8 {(00:04)} 37. Qd7 {(00:30)} d2 {(01:
47)} 38. Rd1 {(00:02)} Bc8 {(00:52)} 39. Bxg7+ Rxg7 40. Qxc8+ {
(00:00)} Rg8 {(00:00)} 41. Qc2 {(01:18)} Rd8 {(00:
12)} 42. Qb2+ {(00:01)} Kg8 43. b4 {(00:02)} Qc7 {(03:08)}
44. Rxd2 {(00:16)} Re8 {(00:07)} 45. Rd1 {(01:29)} Qc4 {
(01:29)} 46. Rd7 {(15:10)} Re1+ {(00:09)} 47. Kh2 {
(00:02)} Qf4+ {(00:10)} 48. g3 {(00:04)} Qe5 {(00:
26)} 49. Qc2 {(02:13)} Qh5 {(01:48)} 50. Qc8+ {(02:14)}
Re8 {(00:07)} 1-0

[Event "42nd Olympiad Baku 2016 Open"]
[Site "Baku"]
[Date "2016.09.03"]
[Round "2.13"]
[White "Hansen, Sune Berg"]
[Black "Vallejo Pons, Francisco"]
[Result "1/2-1/2"]
[ECO "A90"]
[WhiteElo "2595"]
[BlackElo "2716"]
[Annotator ""]
[PlyCount "63"]
[EventDate "2016.??.??"]
[EventCountry "AZE"]
[SourceTitle "playchess.com"]
[Source "ChessBase"]
[WhiteTeam "Denmark"]
[BlackTeam "Spain"]
[WhiteTeamCountry "DEN"]
[BlackTeamCountry "ESP"]
[TimeControl "40/5400+30:1800+30"]

1. d4 {(00:00)} e6 {(00:00)} 2. c4 {(00:39)} f5 {(
00:31)} 3. g3 {(03:00)} Nf6 {(00:28)} 4. Bg2 {(00:13)} d5
{(00:17)} 5. Nf3 {(01:03)} Bd6 {(00:26)} 6. O-O {(
01:28)} O-O {(00:06)} 7. b3 {(00:55)} b6 {(00:42)} 8. Ba3
{(02:48)} Ne4 {(00:50)} 9. Bxd6 {(06:00)} Qxd6 {(
00:09)} 10. Qc2 {(01:15)} Nd7 {(12:35)} 11. Nc3 {(07:07)}
c6 {(01:27)} 12. Rac1 {(05:44)} Bb7 {(11:20)} 13. Qb2 {
(04:18)} a5 {(02:56)} 14. Rc2 {(04:07)} Rfc8 {(08:
31)} 15. Rfc1 {(06:17)} c5 {(25:53)} 16. Nb5 {(06:11)} Qe7
{(00:36)} 17. e3 {(01:36)} a4 {(05:37)} 18. cxd5 {(
07:22)} axb3 {(01:54)} 19. axb3 {(00:48)} Bxd5 {(02:18)}
20. Nc3 {(02:50)} Nxc3 {(02:10)} 21. Rxc3 {(00:13)} Rd8 {
(02:24)} 22. Rd3 {(06:25)} h6 {(03:32)} 23. Rdd1 {(
03:00)} Kh7 {(01:46)} 24. Ne1 {(01:55)} Bxg2 {(03:58)} 25.
Nxg2 {(02:48)} cxd4 {(00:24)} 26. exd4 {(02:48)} Nf6 {
(00:27)} 27. Nf4 {(01:21)} Rd6 {(01:58)} 28. Re1 {(
00:14)} Qd7 {(02:43)} 29. Qc2 {(01:41)} Re8 {(04:33)} 30.
Qc7 {(03:23)} Qxc7 {(00:49)} 31. Rxc7 {(00:55)} Nd5 {
(00:26)} 32. Nxd5 1/2-1/2

[Event "42nd Olympiad Baku 2016 Open"]
[Site "Baku"]
[Date "2016.09.03"]
[Round "2.31"]
[White "Heidenfeld, Mark"]
[Black "Edouard, Romain"]
[Result "0-1"]
[ECO "B53"]
[WhiteElo "2366"]
[BlackElo "2635"]
[Annotator ""]
[PlyCount "64"]
[EventDate "2016.??.??"]
[EventCountry "AZE"]
[SourceTitle "playchess.com"]
[Source "ChessBase"]
[WhiteTeam "Ireland"]
[BlackTeam "France"]
[WhiteTeamCountry "IRL"]
[BlackTeamCountry "FRA"]
[TimeControl "40/5400+30:1800+30"]

1. e4 {(00:00)} c5 {(00:00)} 2. Nf3 {(00:00)} d6 {(
00:00)} 3. d4 {(00:44)} cxd4 {(00:00)} 4. Qxd4 {(00:21)}
Nf6 {(00:12)} 5. Bb5+ {(09:14)} Bd7 {(00:09)} 6. Bxd7+ {
(03:07)} Qxd7 {(00:06)} 7. O-O {(01:23)} Nc6 {(00:
09)} 8. Qe3 {(02:01)} g6 {(09:49)} 9. h3 {(08:24)} Bg7 {
(01:04)} 10. Na3 {(08:39)} O-O {(01:58)} 11. c4 {(
13:03)} a6 {(06:03)} 12. Bd2 {(06:50)} Rab8 {(02:14)} 13.
Rad1 {(02:28)} Qc7 {(06:11)} 14. Bc3 {(08:17)} b5 {
(00:37)} 15. b4 {(06:30)} bxc4 {(02:31)} 16. e5 {(
00:42)} dxe5 {(00:11)} 17. Nxe5 {(00:10)} Nxb4 {(02:14)}
18. Qe1 {(14:28)} Nxa2 {(06:40)} 19. Ba5 {(00:32)} Qc5 {
(00:17)} 20. Nexc4 {(03:41)} Nb4 {(04:42)} 21. Rb1 {
(03:57)} Nbd5 {(00:42)} 22. Qe5 {(01:32)} Rxb1 {(
03:13)} 23. Rxb1 {(00:09)} Ng4 {(08:29)} 24. Qe2 {(00:46)}
Nxf2 {(00:57)} 25. Kf1 {(00:18)} Nh1 {(00:40)} 26. Qf3 {
(01:06)} f5 {(00:10)} 27. Ke2 {(02:47)} Rf6 {(15:
36)} 28. Rxh1 {(00:57)} Re6+ {(00:02)} 29. Kd2 {(01:04)}
Ne3 {(04:53)} 30. Qf4 {(00:55)} Nxc4+ {(00:41)} 31. Nxc4 {
(00:41)} Re4 {(00:06)} 32. Qb8+ {(00:31)} Kf7 {(00:
05)} 0-1

[Event "42nd Olympiad Baku 2016 Open"]
[Site "Baku"]
[Date "2016.09.03"]
[Round "2.23"]
[White "Henriquez Villagra, Cristobal"]
[Black "Neiksans, Arturs"]
[Result "1/2-1/2"]
[ECO "B47"]
[WhiteElo "2508"]
[BlackElo "2628"]
[Annotator ""]
[PlyCount "87"]
[EventDate "2016.??.??"]
[EventCountry "AZE"]
[SourceTitle "playchess.com"]
[Source "ChessBase"]
[WhiteTeam "Chile"]
[BlackTeam "Latvia"]
[WhiteTeamCountry "CHI"]
[BlackTeamCountry "LAT"]
[TimeControl "40/5400+30:1800+30"]

1. e4 {(00:00)} c5 {(00:00)} 2. Nf3 {(00:00)} e6 {(
00:00)} 3. d4 {(00:00)} cxd4 {(00:00)} 4. Nxd4 {(00:00)}
Nc6 {(00:00)} 5. Nc3 {(00:23)} Qc7 {(00:00)} 6. Be2 {
(00:22)} a6 {(00:37)} 7. O-O {(00:28)} Nf6 {(00:04]
} 8. Be3 {(00:26)} Bb4 {(00:17)} 9. Nxc6 {(00:38)} bxc6 {
(00:20)} 10. f4 {(00:28)} Bxc3 {(04:23)} 11. bxc3 {
(00:06)} Nxe4 {(00:04)} 12. Qd4 {(01:05)} Nf6 {(00:
56)} 13. c4 {(00:20)} d5 {(20:16)} 14. Rf3 {(02:50)} O-O {
(10:58)} 15. Bd3 {(01:24)} Ng4 {(08:26)} 16. Rg3 {(
13:03)} f5 {(01:24)} 17. cxd5 {(05:58)} cxd5 {(04:25)} 18.
Bd2 {(04:27)} Qa7 {(06:19)} 19. Bc3 {(17:41)} Qxd4+ {
(03:13)} 20. Bxd4 {(00:02)} Bd7 {(00:26)} 21. c4 {(
06:14)} Rf7 {(07:26)} 22. Rb1 {(02:31)} Nf6 {(04:10)} 23.
Rb6 {(07:55)} dxc4 {(12:22)} 24. Bxc4 {(01:17)} Rc8 {
(01:03)} 25. Bxa6 {(05:01)} Rc1+ {(00:35)} 26. Bf1 {
(00:09)} Ne4 {(02:55)} 27. Rb8+ {(05:09)} Bc8 {(00:
04)} 28. Rc3 {(06:52)} Rxc3 {(01:07)} 29. Bxc3 {(00:02)}
Rc7 {(00:07)} 30. Be5 {(00:54)} Rc5 {(02:51)} 31. Bb2 {
(06:59)} Kf7 {(01:10)} 32. Bd3 {(02:16)} Bd7 {(02:
12)} 33. Kf1 {(03:37)} Bc6 {(02:02)} 34. Ke1 {(01:28)} Bd5
{(01:37)} 35. a4 {(01:05)} Ra5 {(01:01)} 36. Bb5 {(
01:22)} Nd6 {(00:34)} 37. Bc3 {(00:56)} Ra7 {(00:15)} 38.
g3 {(02:27)} Nxb5 {(01:02)} 39. axb5 {(00:02)} Ra2 {
(01:58)} 40. b6 {(00:00)} Rxh2 {(00:00)} 41. Rc8 {(
05:40)} Rh1+ {(14:59)} 42. Kd2 {(00:21)} Rb1 {(00:09)} 43.
Rc7+ {(00:28)} Ke8 {(00:08)} 44. Rxg7 {(06:03)} 1/2-1/2

[Event "42nd Olympiad Baku 2016 Open"]
[Site "Baku"]
[Date "2016.09.03"]
[Round "2.22"]
[White "Howell, David W L"]
[Black "Taher, Yoseph Theolifus"]
[Result "1-0"]
[ECO "C03"]
[WhiteElo "2665"]
[BlackElo "2321"]
[Annotator ""]
[PlyCount "83"]
[EventDate "2016.??.??"]
[EventCountry "AZE"]
[SourceTitle "playchess.com"]
[Source "ChessBase"]
[WhiteTeam "England"]
[BlackTeam "Indonesia"]
[WhiteTeamCountry "ENG"]
[BlackTeamCountry "INA"]
[TimeControl "40/5400+30:1800+30"]

1. e4 {(00:00)} e6 {(00:00)} 2. d4 {(00:19)} d5 {(
00:46)} 3. Nd2 {(00:14)} Be7 {(00:52)} 4. e5 {(00:08)} c5
{(01:31)} 5. c3 {(00:11)} Nc6 {(01:15)} 6. Bd3 {(
00:22)} Qb6 {(04:54)} 7. Ndf3 {(00:29)} Bd7 {(03:23)} 8.
Ne2 {(05:26)} cxd4 {(07:15)} 9. Nexd4 {(09:47)} Bc5 {
(05:43)} 10. Nxc6 {(07:19)} Qxc6 {(06:51)} 11. O-O {
(13:55)} Ne7 {(05:22)} 12. Qe2 {(09:30)} Rc8 {(07:
15)} 13. b4 {(07:23)} Bb6 {(00:05)} 14. a4 {(00:05)} Bd8 {
(10:15)} 15. Bd2 {(12:33)} Qc7 {(03:14)} 16. Rfc1 {
(04:32)} Qb8 {(01:48)} 17. h4 {(00:47)} h6 {(05:09]
} 18. h5 {(03:53)} Nc6 {(06:01)} 19. c4 {(03:54)} dxc4 {
(04:23)} 20. Rxc4 {(00:38)} Be7 {(02:51)} 21. b5 {(
05:07)} Nd8 {(00:37)} 22. Rg4 {(00:26)} Bf8 {(03:10)} 23.
a5 {(00:38)} Qc7 {(01:29)} 24. Rc4 {(04:08)} Qb8 {(
00:32)} 25. Rg4 {(00:05)} Qc7 {(00:06)} 26. Rc1 {(04:29)}
Qb8 {(00:14)} 27. Rd1 {(00:14)} Qc7 {(03:26)} 28. Rc1 {
(00:58)} Qb8 {(00:04)} 29. Rd1 {(01:42)} Qc7 {(00:
12)} 30. Qe1 {(00:07)} b6 {(06:01)} 31. a6 {(00:15)} Qc5 {
(01:50)} 32. Bb4 {(01:38)} Qd5 {(02:13)} 33. Bxf8 {
(02:00)} Rxf8 {(00:29)} 34. Bf1 {(02:21)} Qc5 {(00:
52)} 35. Qd2 {(00:14)} Qe7 {(00:38)} 36. Rxg7 {(00:58)}
Rc5 {(01:49)} 37. Rg4 {(01:06)} Rd5 {(01:07)} 38. Rd4 {
(00:13)} Rxd4 {(01:14)} 39. Qxd4 {(00:20)} Rg8 {(
00:59)} 40. Qd2 {(00:00)} Rh8 {(00:00)} 41. Rc1 {(02:41)}
Rh7 {(04:43)} 42. Rc7 {(01:18)} 1-0

[Event "42nd Olympiad Baku 2016 Open"]
[Site "Baku"]
[Date "2016.09.03"]
[Round "2.7"]
[White "Ismagambetov, Anuar"]
[Black "Hague, Ben"]
[Result "1-0"]
[ECO "B32"]
[WhiteElo "2542"]
[BlackElo "2341"]
[Annotator ""]
[PlyCount "83"]
[EventDate "2016.??.??"]
[EventCountry "AZE"]
[SourceTitle "playchess.com"]
[Source "ChessBase"]
[WhiteTeam "Kazakhstan"]
[BlackTeam "New Zealand"]
[WhiteTeamCountry "KAZ"]
[BlackTeamCountry "NZL"]
[TimeControl "40/5400+30:1800+30"]

1. e4 c5 2. Nf3 Nc6 3. d4 cxd4 4. Nxd4 e5 5. Nb5 d6 6. N1c3 a6 7. Na3 Be7 8.
Nc4 {(03:43)} b5 {(01:17)} 9. Ne3 {(00:06)} Nf6 {(
00:46)} 10. g3 {(03:57)} O-O {(02:47)} 11. Bg2 {(00:16)}
b4 {(03:09)} 12. Ncd5 {(02:24)} Rb8 {(05:57)} 13. O-O {
(02:35)} Nxd5 {(01:22)} 14. Nxd5 {(01:44)} Bg5 {(
02:18)} 15. Bxg5 {(18:39)} Qxg5 {(00:09)} 16. a3 {(00:17)}
a5 {(08:10)} 17. axb4 {(00:25)} axb4 {(00:28)} 18. Qd3 {
(02:31)} Be6 {(20:48)} 19. Ne3 {(02:00)} Nd4 {(07:
29)} 20. f4 {(09:55)} exf4 {(12:46)} 21. gxf4 {(01:00)}
Qc5 {(03:26)} 22. Rf2 {(01:57)} Rfd8 {(08:40)} 23. Rd1 {
(04:09)} Nc6 {(00:53)} 24. Kh1 {(01:39)} f6 {(05:
07)} 25. Rfd2 {(01:12)} Rbc8 {(02:18)} 26. Qe2 {(01:13)}
Kf8 {(03:14)} 27. Qf3 {(06:38)} Ne7 {(02:55)} 28. Qg3 {
(08:59)} Bf7 {(04:31)} 29. Rg1 {(03:14)} g6 {(02:
44)} 30. Ng4 {(05:22)} f5 {(01:07)} 31. Nf6 {(01:33)} Kg7
{(00:28)} 32. Qh4 {(03:18)} Bg8 {(02:00)} 33. Nh5+ {
(02:21)} Kf8 {(01:10)} 34. Qf6+ {(04:06)} Ke8 {(00:
08)} 35. Ng3 {(00:19)} Rc7 {(00:50)} 36. Re1 {(01:06)} Kd7
{(00:17)} 37. exf5 {(02:15)} Nd5 {(00:06)} 38. Qg5 {
(01:36)} gxf5 {(00:41)} 39. Qxf5+ {(00:23)} Kc6 {(
00:14)} 40. Red1 {(00:00)} Re7 {(00:00)} 41. Bxd5+ {(02:
20)} Bxd5+ {(00:25)} 42. Qxd5+ {(00:07] Kxd5} 1-0

[Event "42nd Olympiad Baku 2016 Open"]
[Site "Baku"]
[Date "2016.09.03"]
[Round "2.20"]
[White "Jianu, Vlad-Cristian"]
[Black "Van den Heever, Donovan"]
[Result "1-0"]
[ECO "A61"]
[WhiteElo "2554"]
[BlackElo "2247"]
[Annotator ""]
[PlyCount "69"]
[EventDate "2016.??.??"]
[EventCountry "AZE"]
[SourceTitle "playchess.com"]
[Source "ChessBase"]
[WhiteTeam "Romania"]
[BlackTeam "South Africa"]
[WhiteTeamCountry "ROU"]
[BlackTeamCountry "RSA"]
[TimeControl "40/5400+30:1800+30"]

1. d4 {(00:00)} Nf6 {(00:00)} 2. Nf3 {(01:03)} e6 {
(03:31)} 3. c4 {(01:55)} c5 {(00:41)} 4. d5 {(00:
40)} exd5 {(00:24)} 5. cxd5 {(00:06)} d6 {(00:09)} 6. Nc3
{(00:16)} g6 {(00:27)} 7. Bf4 {(00:53)} Bg7 {(04:
57)} 8. Qa4+ {(01:39)} Bd7 {(15:37)} 9. Qb3 {(01:20)} Qc7
{(03:15)} 10. e4 {(05:42)} O-O {(05:51)} 11. Bd3 {(
03:48)} Nh5 {(05:57)} 12. Be3 {(02:27)} a6 {(06:13)} 13.
a4 {(00:28)} b6 {(04:40)} 14. O-O {(04:46)} Bc8 {(
00:49)} 15. Nd2 {(09:27)} f5 {(11:12)} 16. f4 {(19:18)}
Nf6 {(05:42)} 17. e5 {(07:05)} Ng4 {(00:36)} 18. Rae1 {
(00:39)} Qd8 {(02:50)} 19. Nc4 {(15:35)} dxe5 {(05:
19)} 20. fxe5 {(07:56)} f4 {(07:23)} 21. Bf2 {(04:24)} b5
{(11:50)} 22. axb5 {(00:31)} axb5 {(00:04)} 23. Nxb5 {
(02:23)} f3 {(00:48)} 24. g3 {(01:05)} Qg5 {(02:04]
} 25. h4 {(02:18)} Qh5 {(00:08)} 26. e6 {(00:52)} g5 {
(00:42)} 27. e7 {(02:13)} Nxf2 {(01:47)} 28. exf8=Q+ {
(00:42)} Bxf8 {(00:15)} 29. Rxf2 {(02:11)} gxh4 {(
00:31)} 30. Rxf3 {(01:08)} Bg4 {(00:29)} 31. Rf4 {(01:03)}
hxg3 {(00:31)} 32. Bxh7+ {(00:26)} Kxh7 {(00:36)} 33. Qxg3
{(00:07)} Bh6 {(00:40)} 34. Rxg4 {(00:38)} Nd7 {(
00:30)} 35. Re7+ {(00:41)} 1-0

[Event "42nd Olympiad Baku 2016 Open"]
[Site "Baku"]
[Date "2016.09.03"]
[Round "2.21"]
[White "Jobava, Baadur"]
[Black "Ghaem Maghami, Ehsan"]
[Result "1-0"]
[ECO "A45"]
[WhiteElo "2665"]
[BlackElo "2566"]
[Annotator ""]
[PlyCount "73"]
[EventDate "2016.??.??"]
[EventCountry "AZE"]
[SourceTitle "playchess.com"]
[Source "ChessBase"]
[WhiteTeam "Georgia"]
[BlackTeam "Iran"]
[WhiteTeamCountry "GEO"]
[BlackTeamCountry "IRI"]
[TimeControl "40/5400+30:1800+30"]

1. d4 {(00:00)} Nf6 {(00:00)} 2. Bg5 {(00:32)} d5 {
(00:51)} 3. e3 {(00:25)} e6 {(10:34)} 4. Nd2 {(03:
16)} c5 {(06:23)} 5. c3 {(00:20)} Be7 {(08:37)} 6. Bd3 {
(00:44)} Nc6 {(10:27)} 7. f4 {(03:58)} Ng8 {(02:26]
} 8. Ngf3 {(01:07)} f5 {(00:38)} 9. dxc5 {(04:37)} Bxg5 {
(01:56)} 10. Nxg5 {(00:24)} Nf6 {(00:05)} 11. O-O {
(01:54)} Qe7 {(02:21)} 12. b4 {(00:36)} e5 {(00:18]
} 13. Re1 {(19:37)} h6 {(13:51)} 14. fxe5 {(05:26)} Qxe5 {
(02:54)} 15. e4 {(02:14)} fxe4 {(15:11)} 16. Ngxe4 {
(00:20)} dxe4 {(01:04)} 17. Bxe4 {(00:05)} O-O {(
01:41)} 18. Bxc6 {(00:04)} Qxc3 {(00:39)} 19. Ne4 {(00:04]
} Nxe4 {(12:55)} 20. Bxe4 {(04:01)} Be6 {(04:26)} 21. Qd3
{(03:19)} Qxd3 {(00:22)} 22. Bxd3 {(00:06)} Rad8 {(
00:34)} 23. Bf1 {(01:16)} Kf7 {(01:47)} 24. Re3 {(01:22)}
Rd7 {(00:36)} 25. Bb5 {(00:18)} Re7 {(00:38)} 26. Rf1+ {
(00:10)} Kg8 {(00:04)} 27. Rxe6 {(00:53)} Rxe6 {(
00:08)} 28. Bc4 {(00:05)} Rfe8 {(00:07)} 29. Re1 {(00:06)}
Kf7 {(00:04)} 30. Kf2 {(00:06)} Kf6 {(00:31)} 31. Rxe6+ {
(00:22)} Rxe6 {(00:04)} 32. Bxe6 {(00:05)} Kxe6 {(
00:03)} 33. Ke3 {(00:06)} Kd5 {(00:33)} 34. Kd3 {(00:05)}
a5 {(01:05)} 35. a3 {(00:09)} g5 {(00:18)} 36. g4 {
(00:05)} axb4 {(01:11)} 37. axb4 {(00:05)} 1-0

[Event "42nd Olympiad Baku 2016 Open"]
[Site "Baku"]
[Date "2016.09.03"]
[Round "2.5"]
[White "Jumabayev, Rinat"]
[Black "Kulashko, Alexei"]
[Result "1-0"]
[ECO "A58"]
[WhiteElo "2604"]
[BlackElo "2348"]
[Annotator ""]
[PlyCount "63"]
[EventDate "2016.??.??"]
[EventCountry "AZE"]
[SourceTitle "playchess.com"]
[Source "ChessBase"]
[WhiteTeam "Kazakhstan"]
[BlackTeam "New Zealand"]
[WhiteTeamCountry "KAZ"]
[BlackTeamCountry "NZL"]
[TimeControl "40/5400+30:1800+30"]

1. d4 {(00:00)} Nf6 {(00:00)} 2. c4 {(00:00)} c5 {(
00:00)} 3. d5 {(00:35)} b5 {(00:00)} 4. cxb5 {(00:02)} a6
{(00:00)} 5. bxa6 {(00:03)} Bxa6 {(00:04)} 6. Nc3 {
(00:04)} d6 {(00:06)} 7. Nf3 {(00:08)} g6 {(00:12)}
8. g3 {(00:05)} Bg7 {(00:10)} 9. Bg2 {(00:17)} Nbd7 {
(00:19)} 10. O-O {(00:14)} Nb6 {(00:48)} 11. Ne1 {(
03:09)} Nc4 {(01:16)} 12. Nc2 {(02:46)} Nd7 {(09:42)} 13.
Ne3 {(01:25)} Ndb6 {(13:48)} 14. Nxc4 {(00:35)} Nxc4 {
(00:29)} 15. Qa4+ {(00:31)} Qd7 {(01:52)} 16. Qc2 {
(00:08)} Qb7 {(05:38)} 17. Rb1 {(03:04)} Qb4 {(05:
36)} 18. a3 {(00:51)} Qa5 {(11:03)} 19. b4 {(00:42)} cxb4
{(03:17)} 20. axb4 {(00:09)} Qc7 {(00:29)} 21. Qa4+ {
(09:10)} Kf8 {(07:40)} 22. b5 {(04:58)} Bxc3 {(11:
32)} 23. bxa6 {(00:35)} Kg7 {(01:04)} 24. Bg5 {(00:57)}
Rhc8 {(11:56)} 25. Bh3 {(02:34)} Rcb8 {(03:18)} 26. Rxb8 {
(01:20)} Rxb8 {(00:05)} 27. Rc1 {(00:06)} Rb4 {(01:
12)} 28. Qc6 {(00:20)} Qa5 {(05:38)} 29. Rxc3 {(00:47)}
Rb1+ {(00:13)} 30. Rc1 {(00:02)} Rxc1+ {(00:38)} 31. Bxc1
{(00:07)} Qe1+ {(00:05)} 32. Bf1 {(00:08)} 1-0